Map: Lost and Found LE

Players

Semper

  • Race: Terran Terran
  • Spawn Location: 1:00

puCK (Nina) - Winner!

  • Race: Protoss Protoss
  • League: Grandmaster
  • Spawn Location: 7:00

Event: WCS Austin 2018

VOD

Have the link to the VOD?

Description

Time

  • Played on: June 1, 2018, 10:44 p.m.
  • Length: 15:12

All games in this series

Show
View Real Time Build Order
Export as new Build Order

Semper Terran 

Build Orders: Reaper Expand, Bio Tank, Banshee Rush 

Get SALT Encoding   

  12  0:00  SCV  
  13  0:13  SCV  
  14  0:17  Supply Depot  
  14  0:25  SCV  
  15  0:38  SCV  
  15  0:40  Barracks  
  16  0:43  Refinery  
  16  0:50  SCV  
  17  1:02  SCV  
  18  1:15  SCV  
  19  1:27  Orbital Command, Reaper  
  20  1:42  Command Center  
  20  1:53  SCV  
  21  1:57  Supply Depot  
  21  1:59  Marine  
  22  2:06  SCV  
  23  2:10  Factory  
  23  2:17  Refinery  
  23  2:19  SCV  
  23  2:21  Barracks Reactor  
  24  2:31  SCV  
  25  2:43  SCV  
  26  2:55  Starport  
  26  2:56  Orbital Command  
  26  2:57  SCV  
  26  2:58  Widow Mine  
  29  2:59  Marine x2  
  31  3:09  SCV  
  32  3:16  Marine  
  32  3:17  Marine  
  34  3:22  Factory Tech Lab, SCV x2  
  36  3:33  Starport Tech Lab, Supply Depot  
  36  3:34  SCV  
  36  3:37  Marine x2  
  39  3:41  SCV  
  39  3:48  SCV  
  41  3:51  Banshee, Cloaking Field  
  41  3:55  SCV  
  45  3:59  Marine x2, Supply Depot  
  45  4:01  SCV  
  48  4:04  Siege Tank  
  48  4:09  Bunker, SCV  
  52  4:13  Engineering Bay  
  52  4:17  Refinery, Marine x2  
  52  4:20  SCV  
  55  4:26  SCV  
  56  4:34  Marine, Supply Depot  
  56  4:35  Marine  
  56  4:36  Siege Tank  
  61  4:39  Missile Turret  
  61  4:42  SCV  
  62  4:54  Supply Depot  
  62  4:55  Banshee, SCV  
  62  4:56  SCV  
  62  4:58  Supply Depot  
  68  5:08  SCV x2  
  70  5:16  Siege Tank  
  70  5:20  SCV  
  72  5:24  Command Center  
  72  5:25  Supply Depot, SCV  
  72  5:26  Barracks Tech Lab  
  73  5:30  Refinery  
  73  5:42  SCV  
  72  5:46  SCV  
  70  5:50  Marine  
  70  5:51  Stimpack  
  70  5:54  Siege Tank  
  70  5:55  SCV  
  70  5:56  Barracks  
  75  5:58  SCV  
  75  6:00  Supply Depot  
  75  6:01  Starport Reactor  
  75  6:03  Terran Infantry Weapons Level 1  
  76  6:06  Engineering Bay, Barracks  
  76  6:07  Barracks, SCV  
  76  6:10  Marine  
  78  6:18  SCV  
  79  6:25  SCV  
  80  6:26  Siege Tank  
  80  6:28  Marine  
  84  6:34  SCV  
  84  6:36  Terran Infantry Armor Level 1  
  85  6:43  Orbital Command, Marine x2  
  85  6:44  Medivac x2  
  85  6:46  Marine  
  92  6:48  SCV  
  93  6:58  Barracks Reactor  
  93  6:59  Barracks Tech Lab  
  93  7:01  Siege Tank  
  93  7:02  SCV  
  93  7:04  Marine  
  93  7:05  Barracks  
  93  7:07  Marine  
  98  7:11  SCV  
  99  7:15  Marine  
  99  7:16  Medivac  
  99  7:22  Marauder  
  102  7:26  Orbital Command  
  102  7:27  Marine  
  102  7:28  Marauder  
  102  7:29  SCV x2  
  91  7:33  Marine  
  91  7:34  Siege Tank  
  92  7:38  Factory  
  92  7:41  SCV x2  
  92  7:43  Marauder  
  95  7:46  Marine x2  
  95  7:47  Concussive Shells  
  95  7:48  Refinery  
  95  7:50  Supply Depot  
  97  7:51  Combat Shields  
  97  7:52  Refinery, SCV  
  97  7:53  SCV x2  
  100  7:59  Marine  
  100  8:00  Marauder  
  102  8:07  SCV  
  102  8:09  Marauder, Marine x2  
  102  8:10  SCV  
  102  8:12  Siege Tank, Barracks Tech Lab  
  111  8:14  SCV  
  111  8:19  Medivac, Marine, SCV  
  118  8:21  Marauder  
  118  8:22  SCV  
  118  8:24  Armory  
  118  8:26  SCV  
  120  8:30  Missile Turret  
  120  8:32  SCV  
  120  8:34  Supply Depot, SCV  
  121  8:35  Supply Depot  
  121  8:37  Supply Depot  
  121  8:38  Siege Tank  
  121  8:40  Supply Depot  
  125  8:43  Supply Depot  
  125  8:46  SCV  
  125  8:47  Marine  
  125  8:48  Marauder  
  129  8:49  SCV  
  129  8:53  Marauder, Marine  
  130  8:58  Siege Tank  
  130  9:01  Sensor Tower  
  133  9:03  Sensor Tower  
  133  9:08  Command Center  
  132  9:15  Siege Tank  
  132  9:16  Marauder, Marine x2  
  139  9:22  Missile Turret  
  139  9:23  Supply Depot  
  138  9:30  Siege Tank  
  141  9:33  Marauder, Marine x2  
  141  9:34  Marauder  
  141  9:35  Terran Infantry Weapons Level 2  
  141  9:37  Supply Depot  
  147  9:48  Marauder, Marine x2  
  151  9:54  Supply Depot  
  151  9:55  Marauder  
  151  9:57  Siege Tank  
  156  10:03  Marauder, Marine  
  156  10:04  Siege Tank  
  158  10:13  Marine  
  159  10:18  Marine  
  159  10:19  Marauder, Medivac x2, Marine  
  159  10:20  Terran Infantry Armor Level 2  
  167  10:29  Marine x2  
  167  10:30  Marauder  
  167  10:31  Marine  
  167  10:34  Terran Vehicle Weapons Level 1  
  172  10:36  Barracks x2  
  172  10:37  Barracks  
  172  10:39  Marine x2  
  172  10:40  Marauder  
  176  10:45  Supply Depot  
  176  10:46  Supply Depot, SCV  
  177  10:56  Refinery  
  173  10:57  Planetary Fortress  
  173  10:58  Missile Turret  
  150  11:06  Refinery, Marine  
  150  11:07  Marauder, Marine  
  150  11:10  Command Center  
  154  11:11  SCV  
  154  11:12  SCV  
  154  11:15  Orbital Command  
  159  11:18  Marine, Siege Tank  
  159  11:19  Marauder, Marine x2  
  159  11:24  Marine  
  159  11:25  Marine  
  166  11:29  Marauder  
  132  11:36  Marine x2  
  125  11:41  Marine x2  
  125  11:42  Marine  
  125  11:47  Siege Tank, SCV x2  
  131  11:48  Marine  
  131  11:50  Marauder, Barracks Tech Lab  
  136  11:54  Marine  
  136  11:56  Medivac x2  
  136  11:59  Marauder  
  143  12:02  Terran Infantry Weapons Level 3  
  143  12:08  Sensor Tower  
  143  12:09  Marine  
  143  12:10  Marauder  
  143  12:13  Marauder, Marine  
  149  12:19  Marine x2, Siege Tank  
  149  12:20  Barracks Reactor  
  149  12:22  Liberator x2  
  153  12:28  Barracks Tech Lab  
  153  12:29  SCV  
  158  12:32  SCV x2  
  160  12:41  SCV  
  160  12:43  Marine x3, Siege Tank  
  169  12:44  Marine  
  167  12:58  Marine x2  
  150  12:59  Marauder  
  146  13:09  Siege Tank  
  146  13:10  Marine  
  146  13:11  Marauder, Marine x4  
  152  13:14  Planetary Fortress  
  152  13:17  SCV x2  
  153  13:22  Marine  
  154  13:27  Marine  
  154  13:32  Medivac x2  
  157  13:37  Starport, SCV x3  
  157  13:39  Starport  
  160  13:45  Marine x7  
  160  13:46  Marauder  
  146  13:49  Marauder, Marine x2  
  150  13:56  Siege Tank  
  150  14:02  Medivac x2, Marine  
  157  14:03  Marauder, Marine  
  157  14:09  Marine  
  162  14:10  Marauder, Marine x2  
  162  14:12  Marine  
  162  14:16  Starport Reactor  
  164  14:17  Starport Tech Lab  
  164  14:18  Marine x2  
  164  14:19  Marauder  
  164  14:20  Marine x2  
  164  14:21  Siege Tank  
  161  14:25  Marauder  
  161  14:27  Marine  
  161  14:28  Marine x2  
  161  14:30  Marine  
  158  14:31  Marine  
  158  14:36  SCV x2  
  153  14:38  Siege Tank  
  153  14:40  Marine  
  153  14:41  Marauder  
  153  14:45  Marine  
  152  14:53  Marine x2  
Show
View Real Time Build Order
Export as new Build Order

puCK Protoss - Winner!

Build Orders: 1 Gate Expand, Blink Stalkers 

Get SALT Encoding   

  12  0:00  Probe  
  13  0:12  Probe  
  14  0:18  Pylon  
  14  0:24  Probe  
  15  0:32  Probe  
  15  0:39  Gateway  
  15  0:40  Probe  
  16  0:47  Assimilator  
  17  0:51  Probe  
  18  1:03  Probe  
  19  1:15  Probe  
  20  1:25  Nexus  
  20  1:36  Cybernetics Core  
  20  1:37  Probe  
  21  1:42  Assimilator  
  21  1:49  Probe  
  21  1:52  Pylon  
  22  2:01  Probe  
  22  2:03  Adept  
  23  2:14  Probe, Warp Gate  
  26  2:22  Stalker  
  26  2:26  Probe  
  27  2:36  Probe  
  30  2:39  Probe  
  31  2:45  Twilight Council  
  31  2:48  Probe  
  31  2:49  Stalker  
  31  2:51  Probe  
  33  2:56  Probe  
  35  3:03  Probe  
  37  3:09  Probe  
  38  3:18  Probe  
  39  3:21  Gateway  
  39  3:22  Gateway, Probe  
  39  3:24  Blink  
  39  3:25  Gateway  
  40  3:30  Probe x2  
  41  3:40  Pylon  
  42  3:42  Probe x2  
  42  3:47  Assimilator  
  42  3:49  Assimilator  
  42  3:54  Probe x2  
  44  4:00  Pylon  
  44  4:05  Pylon  
  44  4:06  Probe  
  44  4:07  Probe  
  46  4:17  Stalker  
  46  4:18  Stalker, Probe  
  46  4:19  Probe  
  46  4:20  Stalker  
  46  4:23  Forge  
  54  4:30  Robotics Facility  
  54  4:32  Probe  
  54  4:35  Probe  
  56  4:43  Pylon  
  56  4:50  Protoss Ground Weapons Level 1, Nexus  
  56  5:03  Stalker x2  
  56  5:05  Probe  
  56  5:06  Probe  
  62  5:07  Stalker  
  62  5:12  Observer  
  64  5:15  Robotics Facility  
  65  5:22  Robotics Bay  
  65  5:24  Probe  
  66  5:31  Observer  
  66  5:32  Pylon  
  63  5:39  Probe  
  61  5:45  Probe  
  61  5:51  Probe  
  61  5:53  Observer  
  61  5:55  Pylon  
  63  5:58  Stalker  
  63  5:59  Stalker  
  63  6:01  Probe  
  63  6:02  Disruptor  
  63  6:03  Probe  
  69  6:04  Observer  
  69  6:06  Charge, Gateway  
  69  6:07  Gateway  
  70  6:14  Probe  
  74  6:24  Probe x2  
  76  6:26  Probe  
  76  6:29  Shield Battery  
  76  6:31  Disruptor  
  80  6:34  Disruptor  
  80  6:38  Stalker x2  
  82  6:42  Stalker x2  
  87  6:54  Probe  
  87  6:56  Probe  
  87  6:59  Probe  
  89  7:04  Pylon  
  89  7:06  Probe  
  89  7:07  Disruptor  
  89  7:08  Probe  
  94  7:11  Stalker x2, Probe  
  99  7:16  Zealot x2  
  103  7:27  Probe  
  103  7:28  Protoss Ground Armor Level 1  
  103  7:29  Disruptor, Probe  
  95  7:30  Probe  
  95  7:33  Pylon  
  95  7:35  Assimilator  
  99  7:39  Assimilator  
  99  7:40  Probe  
  99  7:41  Probe  
  99  7:42  Forge  
  99  7:44  Shield Battery  
  101  7:45  Observer  
  101  7:47  Probe  
  101  7:48  Probe  
  101  7:51  Shield Battery  
  103  7:53  Probe  
  105  8:00  Probe  
  105  8:03  Gateway x2  
  105  8:04  Probe  
  105  8:11  Disruptor  
  105  8:12  Zealot x4, Protoss Ground Weapons Level 2  
  108  8:14  Disruptor  
  108  8:18  Probe  
  112  8:22  Probe  
  117  8:29  Pylon  
  116  8:35  Pylon  
  116  8:42  Stalker  
  116  8:47  Zealot  
  116  8:48  Zealot x4  
  128  9:00  Templar Archives, Disruptor, Pylon  
  131  9:03  Pylon  
  131  9:07  Nexus  
  131  9:15  Pylon  
  131  9:17  Pylon  
  131  9:23  Zealot x5  
  141  9:36  Disruptor x2  
  147  9:44  Zealot x6  
  159  9:58  Stalker x2  
  157  10:10  Protoss Ground Armor Level 2  
  157  10:12  Zealot x2  
  157  10:13  Zealot x4  
  161  10:16  Warp Prism  
  161  10:18  Observer  
  161  10:20  Psionic Storm  
  164  10:29  Protoss Ground Weapons Level 3, Pylon  
  164  10:30  Pylon  
  164  10:35  High Templar x3  
  166  10:36  High Templar  
  166  10:40  High Templar x2  
  162  11:05  Stalker x2  
  162  11:09  Photon Cannon  
  162  11:10  High Templar  
  162  11:11  High Templar  
  170  11:13  Photon Cannon  
  170  11:15  Photon Cannon  
  170  11:18  Assimilator  
  169  11:19  Zealot x3  
  169  11:23  Assimilator  
  173  11:26  Disruptor  
  173  11:30  Disruptor  
  173  11:31  Nexus  
  165  11:37  Observer  
  163  11:40  Pylon  
  163  11:43  Zealot, Pylon  
  163  11:44  Zealot x3  
  165  11:53  High Templar  
  165  11:54  High Templar  
  169  11:56  Disruptor  
  169  11:59  Shield Battery  
  169  12:07  Zealot x6  
  184  12:18  Gateway  
  184  12:19  Gateway  
  182  12:34  High Templar x5  
  182  12:35  High Templar, Protoss Ground Armor Level 3  
  194  12:38  Zealot  
  194  12:39  Archon x2  
  194  12:41  Archon  
  194  12:43  Zealot  
  198  12:51  Photon Cannon  
  192  12:54  Pylon  
  162  12:59  Zealot  
  162  13:04  Zealot  
  157  13:09  Zealot x5  
  161  13:17  Zealot  
  163  13:30  Gateway  
  163  13:31  Zealot x3  
  163  13:32  Zealot x2  
  163  13:33  Gateway  
  173  13:38  High Templar x4  
  181  13:44  Archon x2  
  177  13:50  Photon Cannon  
  177  13:52  Photon Cannon  
  177  13:53  Zealot x6  
  189  14:06  Zealot x3  
  189  14:08  Zealot x2  
  185  14:24  Zealot x2  
  185  14:25  Zealot x4  
  171  14:44  Zealot x5  
  171  14:45  Zealot x5  
Tags
 
Add a new tag
Caveats
  • Supply blocks, unpowered buildings, or Contaminate may cause inaccurate times.
  • Supply counts are checked every 10 seconds.